Map: Lost and Found LE

Players

Warhawk

  • Race: Terran Terran
  • League: Diamond
  • Spawn Location: 1:00

Nordy - Winner!

  • Race: Protoss Protoss
  • League: Diamond
  • Spawn Location: 7:00

VOD

Have the link to the VOD?

Description

Time

  • Played on: July 26, 2018, 5:16 p.m.
  • Length: 11:45
Show
View Real Time Build Order
Export as new Build Order

Warhawk Terran 

Build Orders: Reaper Expand, MMM Bio, Banshee Rush 

Get SALT Encoding   

  12  0:01  SCV  
  13  0:13  SCV  
  14  0:17  Supply Depot  
  14  0:25  SCV  
  14  0:28  Refinery  
  15  0:38  SCV  
  16  0:45  Barracks  
  16  0:50  SCV  
  17  1:03  SCV  
  18  1:15  SCV  
  19  1:32  Orbital Command, Reaper  
  20  1:44  Command Center  
  20  1:59  SCV, Factory  
  21  2:06  Barracks Reactor  
  21  2:09  Supply Depot  
  21  2:18  SCV  
  21  2:20  Refinery  
  22  2:30  SCV  
  23  2:42  SCV, Marine x2  
  26  2:51  Starport  
  26  2:54  SCV  
  27  3:01  Marine x2  
  27  3:03  Factory Tech Lab  
  29  3:18  Marine  
  29  3:19  Marine  
  31  3:24  Orbital Command, SCV  
  32  3:36  Banshee, Marine x2  
  32  3:38  Cloaking Field  
  37  3:43  Supply Depot  
  37  3:47  Bunker  
  37  4:05  Marine  
  37  4:06  Marine  
  39  4:10  SCV x2  
  39  4:13  Factory Tech Lab  
  41  4:19  Banshee  
  41  4:22  SCV  
  45  4:25  Supply Depot  
  45  4:31  Supply Depot  
  45  4:32  Siege Tank  
  45  4:37  Barracks x2  
  48  4:38  Marine  
  48  4:39  Marine  
  50  4:48  Supply Depot  
  50  4:55  Bunker  
  50  4:56  Marine x2  
  52  5:01  Engineering Bay  
  52  5:10  Siege Tank  
  55  5:14  SCV x2, Marine x2  
  55  5:17  Refinery  
  55  5:19  Refinery  
  59  5:29  Raven  
  59  5:32  Marine x2, Barracks Tech Lab  
  59  5:33  Marine  
  64  5:50  Marine  
  65  6:07  Marine  
  65  6:09  Stimpack  
  65  6:11  Barracks Reactor  
  66  6:13  Engineering Bay  
  66  6:15  Siege Tank  
  69  6:18  Barracks  
  69  6:19  Barracks  
  69  6:22  SCV  
  69  6:23  SCV  
  69  6:24  Barracks  
  68  6:33  Marine  
  68  6:34  Marine  
  68  6:35  Marauder  
  68  6:38  Terran Infantry Weapons Level 1  
  72  6:41  Starport Reactor  
  72  6:43  SCV  
  73  6:54  Marine x4  
  73  6:58  SCV  
  78  7:02  Terran Infantry Armor Level 1  
  78  7:06  Barracks Tech Lab x2  
  78  7:14  SCV  
  79  7:22  Medivac  
  79  7:23  Medivac  
  79  7:29  Marine x3  
  86  7:35  Marauder x3, Supply Depot, Marine x2  
  94  7:38  Supply Depot  
  94  7:48  Supply Depot  
  94  7:50  Combat Shields  
  94  7:56  Marine  
  94  7:57  Siege Tank  
  98  8:11  Marine x5  
  98  8:12  Marauder x2, SCV  
  108  8:15  Marine  
  108  8:19  Medivac  
  63  8:56  Marine  
  63  8:57  Marauder, Marine x5  
  63  8:58  Marauder  
  72  9:14  Marine x3  
  72  9:15  Marine x2  
  72  9:16  Marauder  
  79  9:18  Marine  
  79  9:19  Marine  
  81  9:26  Siege Tank  
  84  9:32  Marine x3  
  84  9:33  Marine  
  84  9:34  Marauder  
  84  9:36  Marine x2  
  84  9:37  Marauder  
  94  9:41  Command Center  
  94  9:50  Marine x2  
  91  9:54  Marauder  
  91  9:55  Marine x2  
  91  9:56  Marauder, Marine  
  91  9:58  Marine  
  97  10:08  Marine x2  
  97  10:13  Marine  
  102  10:14  Marauder  
  102  10:16  Marauder  
  64  10:29  Marine x3  
  64  10:30  Marauder  
  64  10:31  Marine x2  
  63  10:39  Supply Depot, Marine  
  63  10:40  Marine  
  63  10:41  SCV x2  
  67  10:44  Siege Tank  
  67  10:45  Medivac  
  67  10:46  Medivac  
  67  10:47  Marine x3  
  67  10:49  Supply Depot  
  79  10:50  Marauder  
  79  10:51  Marauder  
  81  10:57  Marine x2  
  81  10:58  Marauder  
  81  10:59  SCV x2  
  78  11:10  Marine x2  
  39  11:24  Marine x2  
Show
View Real Time Build Order
Export as new Build Order

Nordy Protoss - Winner!

Build Orders: 1 Gate Expand 

Get SALT Encoding   

  12  0:00  Probe  
  13  0:13  Probe  
  14  0:18  Pylon  
  14  0:25  Probe  
  15  0:34  Probe  
  15  0:38  Gateway  
  15  0:42  Probe  
  16  0:47  Assimilator  
  17  0:51  Probe  
  18  1:03  Probe  
  19  1:15  Probe  
  20  1:25  Nexus  
  20  1:36  Cybernetics Core  
  20  1:41  Assimilator  
  20  1:45  Probe  
  21  1:51  Pylon  
  21  1:57  Probe  
  22  2:03  Adept  
  22  2:09  Probe  
  22  2:14  Warp Gate  
  25  2:21  Probe  
  26  2:27  Robotics Facility  
  26  2:35  Stalker  
  28  2:39  Probe  
  28  2:42  Probe  
  30  2:51  Probe  
  30  2:54  Probe  
  32  3:04  Immortal  
  32  3:11  Probe  
  32  3:12  Probe  
  37  3:23  Pylon  
  37  3:24  Probe x2  
  39  3:28  Shield Battery  
  39  3:35  Stalker  
  39  3:36  Probe x2  
  47  3:54  Observer  
  47  4:02  Probe  
  45  4:03  Probe  
  45  4:07  Gateway  
  45  4:09  Gateway  
  44  4:11  Twilight Council  
  44  4:15  Probe x2  
  44  4:16  Shield Battery  
  46  4:17  Pylon  
  46  4:24  Immortal  
  46  4:27  Probe  
  46  4:28  Probe  
  52  4:31  Assimilator  
  52  4:33  Assimilator  
  52  4:36  Shield Battery  
  52  4:38  Charge  
  52  4:39  Probe  
  52  4:40  Probe  
  52  4:42  Stalker  
  56  4:51  Probe  
  56  4:52  Probe  
  58  5:04  Nexus  
  58  5:05  Pylon  
  58  5:13  Probe  
  58  5:14  Probe  
  60  5:17  Observer  
  61  5:23  Pylon  
  61  5:27  Pylon  
  61  5:30  Forge  
  61  5:32  Pylon, Gateway  
  61  5:33  Probe x2  
  63  5:40  Zealot x2  
  67  5:48  Observer  
  68  5:52  Probe x2  
  68  5:54  Zealot  
  72  6:00  Stalker  
  72  6:01  Stalker  
  72  6:16  Protoss Ground Weapons Level 1  
  70  6:28  Zealot x3  
  70  6:30  Probe x3  
  79  6:39  Gateway  
  79  6:42  Templar Archives  
  79  6:44  Gateway  
  79  6:46  Gateway  
  79  6:47  Probe  
  79  6:48  Probe x2, Gateway  
  79  6:51  Gateway  
  82  6:57  Stalker  
  82  6:59  Probe  
  82  7:00  Probe  
  86  7:11  Probe  
  86  7:12  Probe x2  
  86  7:13  Psionic Storm  
  89  7:17  Pylon  
  89  7:21  Pylon  
  89  7:23  Probe  
  89  7:24  Probe x2  
  89  7:28  Pylon  
  92  7:35  Probe, Gateway  
  92  7:36  Probe, Gateway  
  94  7:39  Zealot x2  
  94  7:40  Zealot x2  
  102  7:50  Observer  
  103  7:52  High Templar x2  
  103  7:57  High Templar  
  103  7:58  High Templar x2  
  113  8:01  Protoss Ground Weapons Level 2  
  113  8:05  Pylon  
  113  8:10  Pylon  
  113  8:11  Probe  
  113  8:12  Probe, Pylon  
  114  8:13  Assimilator  
  114  8:15  Assimilator  
  114  8:16  Pylon  
  114  8:17  Photon Cannon  
  114  8:18  Pylon  
  114  8:21  Photon Cannon  
  114  8:22  Probe  
  114  8:23  Shield Battery  
  114  8:24  Probe x2  
  117  8:30  Zealot  
  117  8:31  Zealot x3  
  125  8:34  Probe  
  111  8:50  Warp Prism  
  111  8:51  Zealot x3  
  111  8:52  Zealot x4  
  111  8:53  Zealot  
  119  9:05  Gateway  
  119  9:07  Gateway  
  119  9:26  Zealot x2  
  119  9:27  High Templar x2, Zealot  
  119  9:28  High Templar x6  
  141  9:32  Archon x3  
  141  9:33  Archon  
  139  10:17  Zealot x4  
  139  10:18  Zealot x5  
  129  10:29  Warp Prism, Observer  
  127  10:38  Nexus  
  127  10:41  Pylon  
  129  10:44  Pylon, Zealot x3  
  129  10:45  Zealot x6  
  129  10:46  Pylon, Zealot x2  
  125  11:41  Zealot x4  
  125  11:42  Zealot x4  
Tags
 
Add a new tag
Caveats
  • Supply blocks, unpowered buildings, or Contaminate may cause inaccurate times.
  • Supply counts are checked every 10 seconds.